 Dungeon Crawl Stone Soup version 0.31-a0-1112-ga3593d9213 (webtiles) character file.

Game seed: 1082665015817906001

224 Descartes the Nimble (level 5, -8/22 HPs)
             Began as a Felid Shapeshifter on Dec 4, 2023.
             Mangled by a gnoll
             ... wielding a +0 halberd
             ... led by a gnoll sergeant
              (12 damage)
             ... on level 5 of the Dungeon.
             The game lasted 00:05:47 (3529 turns).

Descartes the Nimble (Felid Shapeshifter)           Turns: 3529, Time: 00:05:48

Health: -8/22      AC:  1    Str: 12    XL:     5   Next: 67%
Magic:  6/6        EV: 21    Int: 11    God:
Gold:   189        SH:  0    Dex: 16    Spells: 4/4 levels left
                                        Lives:  0   Deaths: 2

rFire   . .          .
                       - Unarmed
rCold   . . .        (shield unavailable)
rNeg    . . .        (body armour unavailable)
rPois   .            (helmet unavailable)
rElec   .            (cloak unavailable)
rCorr   .            (gloves unavailable)
SInv    +            (boots unavailable)
Will    .....        (no amulet)
Stlth   +            (no ring)
HPRegen 0.23/turn    (no ring)
MPRegen 0.10/turn

%: no passive effects
@: beast-form, quick
A: beast (slay +1), very small, claws 1, fangs 3, see invisible, speed 1, shaggy
fur 1, stealthy paws, no weapons or thrown items, no armour, multi-lived
a: Begin Untransformation


You were on level 5 of the Dungeon.
You were a hulking beast.
You visited 2 branches of the dungeon, and saw 6 of its levels.

You collected 189 gold pieces.

Inventory:

Talismans
 b - a beast talisman
 c - a flux talisman
Scrolls
 e - a scroll of fog
 n - a scroll of fear
 o - a scroll of teleportation
 p - a scroll of amnesia
Potions
 a - a potion of lignification
 f - a potion of experience {unknown}
 g - a potion of might
 h - a potion of haste {unknown}
 i - a potion of attraction
 j - 3 potions of enlightenment
 k - a potion of heal wounds {unknown}
 l - a potion of curing {unknown}


   Skills:
 - Level 1.0 Fighting
 + Level 8.0 Dodging
 - Level 3.0 Unarmed Combat
 - Level 3.2 Shapeshifting


You had 4 spell levels left.
You didn't know any spells.
Your spell library was empty.

Dungeon Overview and Level Annotations

Branches:
Dungeon (5/15)             Temple (1/1) D:4

Altars:
Ashenzari
Cheibriados
Elyvilon
Gozag
Hepliaklqana
Kikubaaqudgha
Makhleb
Nemelex Xobeh
Okawaru
Qazlal
Uskayaw
Vehumet
Wu Jian
Yredelemnul
The Shining One

Annotations:
D:4 Edmund, Grinder, Sigmund


Innate Abilities, Weirdness & Mutations

You are a hulking beast.
Your limbs bulge with bestial killing power. (Slay +1)
You have sharp claws.
You have razor-sharp teeth.
You have supernaturally acute eyesight. (SInv)
You cover ground quickly. (Speed+)
You are covered in fur. (AC +1)
Your paws help you pounce on unaware monsters.
You are incapable of wielding weapons or throwing items.
You cannot wear armour.
You gain extra lives every three experience levels.


Message History

The gnoll misses you.
You see here a hound corpse.
The gnoll misses you.
You claw the gnoll!
The gnoll is heavily wounded.
The gnoll closely misses you.
You scratch the gnoll but do no damage.
The gnoll is heavily wounded.
The gnoll hits you with a +0 halberd!
Ouch! That really hurt!
You closely miss the gnoll.
The gnoll is heavily wounded.
The gnoll sergeant hits you from afar with a +0 trident!
Ouch! That really hurt!
You die...
Your shape twists and changes as you die.
The gnoll misses you.
You rejoin the land of the living...
Found a stone staircase leading down.
Found a scroll of teleportation.
You hear the slow rusting of a drain nearby.
The gnoll shouts!
The gnoll hits you with a +1 flail of protection.
You barely miss the gnoll. The gnoll completely misses you.
You scratch the gnoll. You claw the gnoll! You bite the gnoll.
The gnoll is severely wounded.
The gnoll hits you with a +1 flail of protection!
Ouch! That really hurt!
* * * LOW HITPOINT WARNING * * *
The gnoll completely misses you.
You scratch the gnoll.
You kill the gnoll!
The hound bites you.
* * * LOW HITPOINT WARNING * * *
The gnoll misses you. The hound misses you.
Your Dodging skill increases to level 8!
Unknown command.
The gnoll hits you with a +0 halberd!
Ouch! That really hurt!
You die...

,**,,,,,,,**~~~~,*
,**,,,,,,,,*∩~~~~*
,**,,,,,,.,*******
,*****,**#.,,**,* ,*
***,,,.....,,*
,***,,,,,.....,,*
,,,,,,,,,.....,,*
****,,,*,#.....######## ****
**,,,........hh..g.# **,,,
*###.#.....g#####.## **,,,*
#.g........*#.....#****,,,,,
#g#,.......*#.##.......,,,,*
#†#*######?##.##..#####**,,,
##†## #.......##* **,* #...#
##.####...# *,* #
#...######*#.#**#.#.#** *,* #
#.....[...##.##...#,..*****,,


You could see a hound and 2 gnolls.

Vanquished Creatures
  A bullfrog (D:3)
  A hound (D:5)
  An orc wizard (D:4)
  A gnoll (D:5)
  3 adders
  2 worms
  A dart slug (D:2)
  2 orcs
  5 ball pythons
  9 bats
  9 endoplasms
  4 giant cockroaches
  A goblin (D:3)
  6 hobgoblins
  13 jackals
  3 kobolds
  5 frilled lizards
  4 rats
71 creatures vanquished.

Notes
Turn   | Place    | Note
-------+----------+-------------------------------------------
     0 | D:1      | Descartes the Felid Shapeshifter began the quest for the
                  | Orb.
     0 | D:1      | Reached XP level 1. HP: 9/9 MP: 2/2
    92 | D:1      | Reached skill level 3 in Dodging
   214 | D:1      | Reached XP level 2. HP: 12/12 MP: 3/3
   270 | D:1      | Reached skill level 4 in Dodging
   694 | D:2      | Reached XP level 3. HP: 15/15 MP: 4/4
   780 | D:2      | Reached skill level 5 in Dodging
   973 | D:2      | Found a faded altar of an unknown god.
  1505 | D:3      | Reached XP level 4. HP: 19/19 MP: 5/5
  1837 | D:3      | Reached skill level 6 in Dodging
  2538 | D:4      | Noticed Edmund
  2622 | D:4      | Noticed a bullfrog
  2633 | D:3      | Killed a bullfrog
  2735 | D:4      | Reached skill level 7 in Dodging
  2735 | D:4      | Reached XP level 5. HP: 17/22 MP: 6/6
  2899 | D:4      | Noticed Grinder
  3074 | D:4      | Found a radiant altar of Vehumet.
  3165 | D:4      | Found a staircase to the Ecumenical Temple.
  3177 | Temple   | Entered the Ecumenical Temple
  3244 | D:4      | Noticed Sigmund
  3296 | D:3      | HP: 1/22 [poisoned by Sigmund]
  3439 | D:4      | Mangled by Edmund
  3451 | D:5      | Entered Level 5 of the Dungeon
  3511 | D:5      | Slain by a gnoll sergeant
  3529 | D:5      | Reached skill level 8 in Dodging
  3529 | D:5      | Mangled by a gnoll

Illustrated notes

Levels and vault maps discovered:
D:1:      minmay_arrival_glassed_features, layout_loops_cross
D:2:      layout_basic, shapermc_ecumenical_altar_acropolis,
          hangedman_decor_points, kennysheep_decorative_pillar,
          minmay_tromino_mix6
D:3:      layout_basic, grunt_decor_fettered, nrook_campfire
D:4:      layout_rooms, lemuel_tele_altar,
          minmay_temple_entry_statues_fountains, nrook_uturn, minmay_surrounded,
          uniq_edmund, uniq_sigmund, uniq_grinder
D:5:      layout_loops_cross, portal_sewer_entry_b
Temple:   eino_temple_lava

Skill      XL: |  1  2  3  4  5 |
---------------+----------------+-----
Dodging        | 3 4 5 7 8 |  8.0
Fighting       | |  1.0
Unarmed Combat | |  3.0
Shapeshifting  | |  3.2

Action                     |  1- 3 |  4- 6 || total
---------------------------+-------+-------++-------
  Melee: Unarmed           |   112 |    78 ||   190
         Bite              |    13 |    13 ||    26
         Punch             |     1 |     1 ||     2
    Use: Scroll            |       |     9 ||     9
   Stab: Sleeping          |     1 |     2 ||     3
 Armour: Skin              |    40 |    24 ||    64
  Dodge: Dodged            |   127 |    79 ||   206

Table legend: (Time is in decaauts)
 A = Elapsed time spent in this place.
 B = Non-inter-level travel time spent in this place.
 C = Inter-level travel time spent in this place.
 D = Time resting spent in this place.
 E = Time spent auto-exploring this place.
 F = Levels seen in this place.
 G = Mean time per level.
                   A        B        C        D        E       F      G
               +--------+--------+--------+--------+--------+-----+--------+
         Total |   2984 |   2815 |    169 |      0 |   2190 |   6 |  497.3 |
       Dungeon |   2976 |   2807 |    169 |      0 |   2190 |   5 |  595.2 |
        Temple |      8 |      8 |      0 |      0 |      0 |   1 |    8.0 |
               +--------+--------+--------+--------+--------+-----+--------+

Top non-repeatable levels by time:
     D:3: 1291 daAuts
     D:2: 640 daAuts
     D:1: 538 daAuts
     D:4: 442 daAuts
     D:5: 64 daAuts
  Temple: 8 daAuts
